 Dungeon Crawl Stone Soup version 0.19-a0-1008-g4c63d25 (webtiles) character file.

2076 epen the Transmogrifier (level 9, 0/100 HPs)
             Began as a Merfolk Transmuter on July 23, 2016.
             Slain by Pikel
             ... wielding a +0 whip of flaming
              (1 damage)
             ... on level 7 of the Dungeon.
             The game lasted 00:14:32 (7647 turns).

epen the Transmogrifier (Merfolk Transmuter)        Turns: 7647, Time: 00:14:33

Health: 0/100      AC: 27    Str: 11    XL:     9   Next: 26%
Magic:  18/18      EV:  2    Int: 15    God:
Gold:   376        SH:  0    Dex: 14    Spells: 3 memorised, 10 levels left

rFire  . . .     SeeInvis .       - Unarmed
rCold  . . .     Gourm    .     (armour currently unavailable)
rNeg   + + +     Faith    .     (no shield)
rPois  +         Spirit   .     (helmet currently unavailable)
rElec  .         Dismiss  .     (cloak currently unavailable)
rCorr  .         Reflect  .     (gloves currently unavailable)
SustAt .         Harm     .     (boots currently unavailable)
MR     .....     NoTele   +     (no amulet)
Stlth  +.........               (no ring)
                                g - +3 ring of protection

@: tree-form (expiring), very slightly contaminated, not resistant to hostile
enchantments, very unstealthy
A: (change form in water), (swift swim)
a: no special abilities


You were on level 7 of the Dungeon.
You were very hungry.
You were a tree.
You visited 1 branch of the dungeon, and saw 7 of its levels.

You collected 376 gold pieces.

Inventory:

Missiles
 a - 133 arrows
Armour
 b - a +0 robe (melded)
 k - a +1 helmet (melded)
 E - a +0 pair of boots (melded)
Jewellery
 g - a +3 ring of protection (left branch)
Wands
 y - a wand of slowing (43/48)
Scrolls
 f - 3 scrolls of blinking
 h - a scroll of holy word {unknown}
 i - a scroll of enchant armour
 n - a scroll of amnesia
 p - a scroll of silence {unknown}
 s - 2 scrolls of fog
 v - a scroll of teleportation
 x - 2 scrolls of enchant weapon
Potions
 e - a potion of cure mutation {unknown}
 j - 2 potions of brilliance
 o - 2 potions of lignification
 r - a potion of cancellation
 u - 2 potions of berserk rage
 w - a potion of magic {unknown}
 z - a potion of haste
 A - 3 potions of flight
 H - a potion of resistance
 K - a potion of might {unknown}
Books
 c - a book of Changes

   Spells                             Type                      Level
   a - Beastly Appendage              Transmutation                1
   b - Sticks to Snakes               Transmutation                2
   c - Spider Form                    Transmutation/Poison         3
   d - Ice Form                       Ice/Transmutation            4
   e - Blade Hands                    Transmutation                5
Comestibles
 d - 5 bread rations
 m - 3 meat rations
 C - 8 fruits
 F - a royal jelly


   Skills:
 + Level 4.8 Fighting
 + Level 6.0 Dodging
 + Level 5.8 Unarmed Combat
 * Level 6.2 Spellcasting
 * Level 9.0 Transmutations


You had 10 spell levels left.
You knew the following spells:

 Your Spells              Type           Power        Failure   Level  Hunger
b - Sticks to Snakes      Tmut           ####....     1%          2    #......
c - Spider Form           Tmut/Pois      ###.......   10%         3    ##.....
d - Blade Hands           Tmut           ####......   12%         5    ######.


Dungeon Overview and Level Annotations

Branches:
Dungeon (7/15)
 Temple: D:4-7

Altars:
Fedhas
Kikubaaqudgha
Pakellas
Sif Muna
Xom
Yredelemnul

Annotations:
D:7 Pikel


Message History

You hit Pikel but do no damage.
Pikel is severely wounded.
Pikel completely misses you.
You barely miss Pikel.
Pikel is severely wounded.
You hear the quick hiss of an avalanche of sand.
Pikel hits you but does no damage.
You barely miss Pikel.
Pikel is severely wounded.
Pikel hits you but does no damage.
You completely miss Pikel.
Pikel is severely wounded.
Your transformation is almost over.
Pikel hits you but does no damage.
You smack Pikel!
Pikel is almost dead.
Pikel hits you with a whip of flaming.
* * * LOW HITPOINT WARNING * * *
Pikel burns you.
You die...

...#.....+.(..#p...p...#
...#.....#....'..K###§##
..####+###...p######..#
+##...........# ..##.......).
.............K# .............
..............# .............
..............##.######.##.##
..........#+##pK#### +# #
..........#..(p#♣..#
..........#...##.>.#.>.#
......... #### #...#...#
+#######. ##### ### .. >.#
..# ###


You could see Pikel and a slave.

Vanquished Creatures
  The ghost of Aquadorian the Covert, a novice OpEn of Hepliaklqana (D:7)
  Grinder (D:4)
  2 slaves (D:7)
  A necrophage (D:5)
  An ogre (D:6)
  2 centaurs
  Blork the orc (D:4)
  A water moccasin zombie (D:5)
  3 scorpions
  5 crimson imps
  A hound (D:6)
  2 giant frog skeletons
  2 orc priests (D:5)
  4 orc wizards
  Ijyb (D:2)
  3 iguanas
  Natasha (thrice) (D:3)
  4 worker ants
  A hound skeleton (D:5)
  3 gnolls (D:2)
  8 adders
  2 adder skeletons (D:6)
  A worm (D:2)
  5 dart slugs
  3 giant geckos
  13 orcs
  A ball python (D:1)
  7 bats
  7 giant cockroaches
  3 goblins
  7 hobgoblins
  17 jackals
  5 quokkas
  A giant gecko skeleton (D:5)
  2 giant newts (D:2)
  7 kobolds (D:1)
  A quokka skeleton (D:5)
  3 rats
135 creatures vanquished.

Vanquished Creatures (collateral kills)
  A worm (D:1)
  A hobgoblin (D:1)
  A kobold (D:1)
3 creatures vanquished.

Grand Total: 138 creatures vanquished

Notes
Turn   | Place    | Note
-------+----------+-------------------------------------------
     0 | D:1      | epen the Merfolk Transmuter began the quest for the Orb.
     0 | D:1      | Reached XP level 1. HP: 15/15 MP: 3/3
   197 | D:1      | Reached skill level 3 in Transmutations
   201 | D:1      | Reached XP level 2. HP: 18/21 MP: 5/5
   452 | D:1      | Learned a level 2 spell: Sticks to Snakes
   610 | D:1      | Reached XP level 3. HP: 14/26 MP: 4/6
  2004 | D:1      | Learned a level 3 spell: Spider Form
  2048 | D:2      | Reached XP level 4. HP: 32/32 MP: 4/8
  2052 | D:2      | Reached skill level 4 in Transmutations
  2056 | D:2      | HP: 1/32 [gnoll/halberd (14)]
  2365 | D:2      | Noticed Ijyb
  2382 | D:2      | Killed Ijyb
  2575 | D:2      | Reached XP level 5. HP: 26/38 MP: 6/9
  3242 | D:3      | Noticed Natasha
  3243 | D:3      | Found a blossoming altar of Fedhas.
  3259 | D:3      | Killed Natasha
  3278 | D:3      | Noticed Natasha
  3279 | D:3      | Found an ancient bone altar of Kikubaaqudgha.
  3550 | D:3      | Killed Natasha
  3550 | D:3      | Reached skill level 5 in Transmutations
  3550 | D:3      | Reached XP level 6. HP: 46/46 MP: 6/11
  3719 | D:3      | Noticed Natasha
  3734 | D:3      | Killed Natasha
  4038 | D:4      | Noticed Blork the orc
  4055 | D:4      | Killed Blork the orc
  4270 | D:4      | Noticed Grinder
  4275 | D:4      | Paralysed by Grinder for 4 turns
  4305 | D:4      | Killed Grinder
  4305 | D:4      | Reached skill level 6 in Transmutations
  4305 | D:4      | Reached XP level 7. HP: 23/52 MP: 7/13
  4898 | D:4      | Found a shimmering altar of Xom.
  5048 | D:5      | Entered Level 5 of the Dungeon
  5056 | D:5      | Found a deep blue altar of Sif Muna.
  5566 | D:5      | Learned a level 5 spell: Blade Hands
  5575 | D:5      | Reached XP level 8. HP: 59/59 MP: 14/14
  5591 | D:5      | Reached skill level 7 in Transmutations
  5966 | D:5      | Reached skill level 5 in Unarmed Combat
  6143 | D:5      | Reached skill level 5 in Dodging
  6143 | D:5      | Reached skill level 5 in Spellcasting
  6594 | D:6      | Reached skill level 8 in Transmutations
  7276 | D:7      | Found a basalt altar of Yredelemnul.
  7276 | D:7      | Found an oddly glowing altar of Pakellas.
  7379 | D:7      | Noticed Aquadorian's ghost (novice OpEn)
  7390 | D:7      | Killed Aquadorian's ghost
  7390 | D:7      | Reached XP level 9. HP: 49/66 MP: 7/18
  7565 | D:7      | Reached skill level 9 in Transmutations
  7593 | D:7      | Noticed Pikel
  7617 | D:7      | HP: 1/67 [Pikel/whip of flaming (4)]
  7629 | D:7      | HP: 2/100 [slave[Pikel] (2)]
  7634 | D:7      | HP: 1/100 [slave[Pikel] (2)]
  7647 | D:7      | HP: 1/100 [Pikel/whip of flaming (3)]
  7647 | D:7      | Slain by Pikel

Vault maps used:
D:1:      dpeg_arrival_prison, grunt_decor_one_mirror
D:2:      uniq_iyjb
D:3:      grunt_temple_overflow_growth_and_decay, uniq_natasha
D:4:      overflow_temple_1_default, first_bread, uniq_grinder,
          uniq_blork_the_orc
D:5:      kennysheep_big_flooded_room, basic_altar, lightli_sewer_entry_pipes
D:7:      grunt_temple_overflow_open, nicolae_ossuary_entry_false_entrances,
          the_bakery, uniq_pikel

Skill      XL: |  1  2  3  4  5  6  7  8  9 |
---------------+----------------------------+-----
Transmutations | 3 4 5 6 8 9 |  9.0
Dodging        | 3 4 5 6 |  6.0
Fighting       | 2 3 4 |  4.8
Spellcasting   | 3 4 6 |  6.2
Unarmed Combat | 4 5 |  5.8

Action                   |  1- 3 |  4- 6 |  7- 9 || total
-------------------------+-------+-------+-------++-------
Melee: Unarmed           |   150 |   208 |   274 ||   632
       Headbutt          |     6 |       |       ||     6
       Punch             |     1 |     1 |     4 ||     6
       Tailslap          |       |       |     2 ||     2
 Cast: Beastly Appendage |     6 |       |       ||     6
       Sticks to Snakes  |     4 |     1 |       ||     5
       Spider Form       |     1 |    10 |    12 ||    23
       Blade Hands       |       |       |     7 ||     7
  Use: Scroll            |       |       |    21 ||    21
       Potion            |       |       |     2 ||     2
 Stab: Distracted        |     1 |       |       ||     1
       Sleeping          |       |     1 |     4 ||     5
  Eat: Chunk             |     3 |     9 |     8 ||    20
       Meat ration       |       |       |     1 ||     1
       Pizza             |       |       |     1 ||     1
Armor: Robe              |    37 |    33 |    44 ||   114
       Skin              |       |     4 |    15 ||    19
Dodge: Dodged            |   114 |   159 |   179 ||   452
